 Dungeon Crawl Stone Soup version 0.20-a0-957-g47ad1fd (webtiles) character file.

183 Krakonus1 the Caller (level 5, 0/42 HPs)
             Began as a Tengu Summoner on Apr 5, 2017.
             Slain by a ball python (1 damage)
             ... in a sewer.
             The game lasted 00:24:32 (2993 turns).

Krakonus1 the Caller (Tengu Summoner)               Turns: 2993, Time: 00:24:33

Health: 0/42       AC: 22    Str: 13    XL:     5   Next: 62%
Magic:  2/10       EV: -1    Int: 21    God:
Gold:   79         SH:  0    Dex: 20    Spells: 0/9 levels left

rFire    . . .     SeeInvis .   (no weapon)
rCold    . . .     Gourm    .   (no shield)
rNeg     + + +     Faith    .   (armour currently unavailable)
rPois    +         Spirit   .   (helmet currently unavailable)
rElec    .         Reflect  .   (cloak currently unavailable)
rCorr    .         Harm     .   (gloves currently unavailable)
MR       .....     NoTele   +   (boots unavailable)
Stlth    +++.......             (no amulet)
Regen    0.2/turn               (no ring)
MPRegen  0.2/turn               (no ring)

@: mighty, brilliant, agile, lethally poisoned (0 -> -1), tree-form, hasted,
constricted, very quick
A: (beak), (talons 0), able to fly 1
a: Fly


You were in a sewer.
You were hungry.
You were a tree.
You visited 1 branch of the dungeon, and saw 3 of its levels.
You also visited: Sewer.

You collected 79 gold pieces.

Inventory:

Hand Weapons
 i - a +0 hunting sling
Armour
 a - a +0 robe (melded)
 n - a +0 hat (melded)
Wands
 e - a wand of digging (0/24)
Potions
 d - a potion of brilliance
 g - a potion of might
Books
 b - a book of Callings

   Spells                             Type                      Level
   a - Summon Small Mammal            Summoning                    1
   b - Call Imp                       Summoning                    2
   c - Call Canine Familiar           Summoning                    3
   d - Summon Guardian Golem          Hexes/Summoning              3
   e - Summon Lightning Spire         Summoning/Air                4
   f - Summon Ice Beast               Ice/Summoning                4
Comestibles
 c - 2 bread rations
 l - 4 chunks of flesh
 o - a meat ration


   Skills:
 * Level 3.2 Dodging
 * Level 2.6 Stealth
 + Level 2.9 Spellcasting
 * Level 6.6 Summonings


You couldn't memorise any spells.
You knew the following spells:

 Your Spells              Type           Power        Failure   Level  Hunger
a - Summon Small Mammal   Summ           ####         1%          1    None
b - Call Imp              Summ           #####...     1%          2    ##.....
c - Call Canine Familiar  Summ           #####...     1%          3    ###....
d - Summon Guardian Gole  Hex/Summ       ####....     1%          3    ###....


Dungeon Overview and Level Annotations

Branches:
Dungeon (3/15)

Altars:
Cheibriados
Okawaru


Innate Abilities, Weirdness & Mutations

((You have a beak for a mouth.))
((You have claws for feet.))
You can fly.


Message History

As you read the scroll of teleportation, it crumbles to dust.
You feel strangely unstable.
* * * LOW HITPOINT WARNING * * *
You feel sick.
The ball python bites you but does no damage.
The ball python constricts you.
A rat comes into view.
It was a potion of might.
You feel very mighty all of a sudden.
The river rat twitches its whiskers.
The ball python closely misses you. The ball python constricts you.
It was a potion of haste.
You feel yourself speed up. The ball python closely misses you.
* * * LOW HITPOINT WARNING * * *
The ball python constricts you.
It was a potion of lignification.
You turn into a tree.
Your +0 hat melds into your body.
Your +0 robe melds into your body.
Your roots penetrate the ground.
You feel strangely stable.
The ball python bites you but does no damage.
You die...

≈≈≈≈≈≈≈≈≈..≈.≈≈.≈≈≈≈
≈≈≈≈≈≈≈≈.≈......≈≈.≈
≈.≈≈≈≈≈.≈.........≈.
................÷...
..............÷..§.
#.....r.........
##rr.....##.§.§.
###rrr##..#####...
#♣SS#####..### ##.
##### ##..∩# # #####


You could see a river rat, 2 ball pythons and 5 rats.

Vanquished Creatures
  An adder (Sewer)
  A kobold (D:1)
  2 ball pythons (Sewer)
  A rat (Sewer)
5 creatures vanquished.

Vanquished Creatures (collateral kills)
  Grinder (D:3)
  6 adders
  A river rat (Sewer)
  An ooze (D:1)
  5 dart slugs
  2 leopard geckos
  2 giant cockroaches
  5 goblins
  7 hobgoblins
  2 jackals (D:2)
  6 kobolds
  A ball python (Sewer)
  3 bats (D:2)
  3 frilled lizards
  16 rats
61 creatures vanquished.

Grand Total: 66 creatures vanquished

Notes
Turn   | Place    | Note
-------+----------+-------------------------------------------
     0 | D:1      | Krakonus1 the Tengu Summoner began the quest for the Orb.
     0 | D:1      | Reached XP level 1. HP: 10/10 MP: 4/4
   204 | D:1      | Reached skill level 5 in Summonings
   306 | D:1      | Reached XP level 2. HP: 15/15 MP: 0/6
   310 | D:1      | Learned a level 2 spell: Call Imp
   937 | D:2      | Reached XP level 3. HP: 19/19 MP: 2/7
   942 | D:2      | Learned a level 3 spell: Call Canine Familiar
  2045 | D:2      | Reached XP level 4. HP: 24/24 MP: 4/8
  2147 | D:2      | Found a snail-covered altar of Cheibriados.
  2313 | D:3      | Found an iron altar of Okawaru.
  2323 | D:3      | Noticed Grinder
  2324 | D:3      | Paralysed by Grinder for 3 turns
  2446 | D:3      | Paralysed by Grinder for 2 turns
  2449 | D:3      | Paralysed by Grinder for 7 turns
  2495 | D:3      | Paralysed by Grinder for 5 turns
  2625 | D:3      | Killed Grinder
  2625 | D:3      | Reached skill level 6 in Summonings
  2625 | D:3      | Gained mutation: You can fly. [Tengu growth]
  2625 | D:3      | Reached XP level 5. HP: 28/28 MP: 1/10
  2690 | D:3      | Learned a level 3 spell: Summon Guardian Golem
  2823 | D:3      | Found a glowing drain.
  2859 | Sewer    | Entered a sewer
  2992 | Sewer    | HP: 1/28 [ball python (1)]
  2993 | Sewer    | Slain by a ball python

Vault maps used:
D:1:      co_arrival_two_rings, minmay_tall_x
D:2:      minmay_liquid_box, kennysheep_slug_shrine
D:3:      okawaru_ov_weapons_minmay, serial_co_window_serial, co_window_paths_a,
          co_window_of_opportunity_a, co_window_paths_b,
          co_window_of_opportunity_a, co_window_paths_b,
          co_window_unsneaky_path_a, co_window_broadway_c, co_window_paths_c,
          co_window_paths_c, co_window_corner_ca, co_window_cross_3,
          co_window_sun, glass_columns_a, glass_columns_a, glass_columns_a,
          glass_columns_a, portal_sewer_entry_a, uniq_grinder, uniq_robin
Sewer:    sewer_minmay_treatment

Skill      XL: |  1  2  3  4 |
---------------+-------------+-----
Summonings     | 5 6 |  6.6
Dodging        | 3 |  3.2
Stealth        | |  2.6
Spellcasting   | |  2.9

Action                   |  1- 3 |  4- 6 || total
-------------------------+-------+-------++-------
Melee: Unarmed           |    11 |    25 ||    36
       Kick              |     1 |     5 ||     6
       Peck              |     1 |     3 ||     4
 Cast: Summon Small Mamm |    19 |     4 ||    23
       Call Imp          |    21 |    16 ||    37
       Call Canine Famil |    14 |    11 ||    25
       Summon Guardian G |       |     1 ||     1
  Use: Scroll            |     4 |     3 ||     7
       Potion            |       |     6 ||     6
 Stab: Distracted        |       |     1 ||     1
  Eat: Chunk             |     7 |     3 ||    10
       Royal jelly       |       |     1 ||     1
Armor: Robe              |     3 |     6 ||     9
       Skin              |       |     1 ||     1
Dodge: Dodged            |    13 |    28 ||    41
